Merlek, chaotic female human Valkyrie -------- |......| |......| ^ |<.....| -.------ ##### ##) # # # # - ---s------- |.k..@....?.| .....)......| |..>........| ------------- Merlek the Skirmisher Experience level: 3 Strength: 21 Dexterity: 13 Constitution: 18 Intelligence: 7 Wisdom: 9 Charisma: 7 Health: 0(40) Energy: 6(6) Def: 9 Gold: 676 Moves: 1193 Dungeon seed: LRYw0PTKBg2WT4UB Game ID: Merlek_1686946753 Your Inventory: Coins $ - 676 gold pieces Weapons a - an uncursed +1 long sword (weapon in hand) b - an uncursed +0 dagger j - an uncursed +0 orcish bow k - an uncursed +0 sling Armor e - an uncursed +3 small shield (being worn) n - an uncursed +0 chain mail (being worn) q - a cursed -2 helm of opposite alignment (being worn) y - an uncursed +0 pair of elven boots (being worn) Comestibles c - 4 uncursed food rations g - 2 uncursed carrots i - 2 uncursed lichen corpses l - an uncursed candy bar m - an uncursed fortune cookie p - an uncursed tripe ration Scrolls h - an uncursed scroll of enchant armor t - a blessed scroll of enchant armor u - an uncursed scroll of earth Potions f - a cursed potion of confusion o - an uncursed potion of extra healing s - an uncursed potion of invisibility Rings r - an uncursed ring of poison immunity Tools d - an uncursed oil lamp (0:1415) Spells and supernatural/magical abilities: Name Level Category Cost Memory W - pray for help -- divine ? -- Your skills at the end: Fighting Skills wands [Basic] Weapon Skills dagger [Basic] long sword [Basic] Spellcasting Skills Final Attributes: You were devoutly aligned. You were immune to cold. You were stealthy. You were unlucky. You last prayed 209 turns ago. Loki was noncommittal. You are dead. Vanquished creatures: a pony a homunculus a large kobold a gnome zombie 2 geckos a jackal a goblin 7 grid bugs 6 lichens a newt 22 creatures vanquished. Voluntary challenges: You used a wielded weapon 25 times, starting on turn 141. You were illiterate. You never genocided any monsters. You never polymorphed an object. You never changed form. You used no wishes. You never split a pudding. You never wrote Elbereth's name. You never violated your personal moral code. Dungeon overview: The Dungeons of Doom: levels 1 to 7 Level 1 an altar to Tyr, some fountains a long staircase Level 2 a scroll shop, an altar to Loki, a fountain Level 3 a general store, a fountain Level 4 stairs to The Gnomish Mines Level 5 Level 6 a vault Level 7 <- You were here The Gnomish Mines: Level 5 stairs to The Dungeons of Doom History has recorded: On T:1 you entered the Dungeons of Doom to retrieve the Amulet of Yendor! On T:251 you reached level 2 of The Dungeons of Doom. On T:405 you advanced to experience level 2. On T:441 you reached level 3 of The Dungeons of Doom. On T:714 you reached level 4 of The Dungeons of Doom. On T:736 you advanced to experience level 3. On T:859 you reached level 1 of The Gnomish Mines. On T:886 you reached level 5 of The Dungeons of Doom. On T:1010 you reached level 6 of The Dungeons of Doom. On T:1156 you reached level 7 of The Dungeons of Doom. Score breakdown: Gold: 676 ( 9628 points) Experience: 3 levels ( 7878 points) Exploration: 7 levels ( 15.22%) (10954 points) Discoveries: 1 item ( 0.40%) ( 1897 points) Valuables value: (no points given unless you survive) Artifact value: 0 ( 0 points) Variety of kills: 10 monsters ( 2.63%) ( 4866 points) Turncount: 1193 turns ( 0 points) Survival: died (score multiplied by 80%) Total score: 28178 Latest messages: The giant spider bites! You miss the giant spider. The giant spider bites! (2x) You hit the giant spider! The giant spider misses. You miss the giant spider. The giant spider bites! You miss the giant spider. The giant spider bites! You miss the giant spider. The giant spider just misses! Kaablamm! You hear an explosion in the distance! Someone must have triggered a land mine. The giant spider bites! You miss the giant spider. The giant spider misses. You hit the giant spider! The giant spider bites! You begin praying to Loki. The giant spider bites! You die... Final status: Farvel Merlek the Valkyrie, killed by a giant spider, while praying... You died in The Dungeons of Doom on dungeon level 7 with 28178 points, and 676 pieces of gold, after 1193 moves. You were level 3 with a maximum of 40 hit points when you died.